 Dungeon Crawl Stone Soup version 0.22-a0-389-g8519d86 (webtiles) character file.

1321 erloom the Twirler (level 8, -3/68 HPs)
             Began as a Human Wanderer on Apr 30, 2018.
             Was an Initiate of Uskayaw.
             Slain by an orc warrior
             ... wielding a +0 halberd
              (18 damage)
             ... on level 6 of the Dungeon.
             The game lasted 00:13:09 (6014 turns).

erloom the Twirler (Human Wanderer)                 Turns: 6014, Time: 00:13:09

Health: -3/68      AC:  9    Str: 13    XL:     8   Next: 90%
Magic:  5/8        EV: 10    Int: 13    God:    Uskayaw [......]
Gold:   123        SH:  0    Dex: 19    Spells: 7/7 levels left

rFire    . . .     SeeInvis .   a - +2 quarterstaff
rCold    . . .     Gourm    .   (shield currently unavailable)
rNeg     . . .     Faith    .   y - +0 chain mail
rPois    .         Spirit   .   (no helmet)
rElec    .         Reflect  .   z - +0 cloak
rCorr    .         Harm     .   (no gloves)
MR       .....                  (no boots)
Stlth    ..........             v - amulet of the acrobat
HPRegen  0.21/turn              (no ring)
MPRegen  0.11/turn              (no ring)

@: agile
A: no striking features
a: Renounce Religion


You were on level 6 of the Dungeon.
You worshipped Uskayaw.
Uskayaw was noncommittal.
You were not hungry.

You visited 1 branch of the dungeon, and saw 6 of its levels.

You collected 273 gold pieces.
You spent 150 gold pieces at shops.

Inventory:

Hand Weapons
 a - a +2 quarterstaff (weapon)
 e - a +0 mace
Missiles
 i - 5 javelins (quivered)
Armour
 b - a +0 ring mail
 l - a +0 scale mail
 m - a +0 buckler
 s - a +0 scale mail
 y - a +0 chain mail (worn)
 z - a +0 cloak (worn)
Jewellery
 n - an uncursed ring of loudness
 v - an amulet of the acrobat (around neck)
Wands
 p - a wand of polymorph (13)
Scrolls
 g - 3 scrolls of remove curse
 h - a scroll of fog
 j - 3 scrolls of teleportation
 o - a scroll of random uselessness
 q - 2 scrolls of magic mapping
 r - a scroll of blinking
 t - a scroll of amnesia
 A - a scroll of enchant armour {unknown}
Potions
 c - 3 potions of lignification
 f - 2 potions of flight
 k - a potion of agility
 u - a potion of degeneration
 x - 2 potions of cancellation
Comestibles
 d - 5 rations


   Skills:
 + Level 7.8 Fighting
 + Level 7.8 Staves
   Level 2.0 Bows
 - Level 2.0 Throwing


You had 7 spell levels left.
You didn't know any spells.

Dungeon Overview and Level Annotations

Branches:
Dungeon (6/15)
 Temple: D:4-7

Altars:
Cheibriados
Elyvilon
Hepliaklqana
Sif Muna
Uskayaw
Wu Jian

Shops:
D:5 ?

Annotations:
D:3 Kairos's ghost, amateur VSFi


Message History

You stomp with the beat, sending a shockwave through the revelers around you!
The orc warrior is heavily wounded.
You feel somewhat more hungry.
You can no longer stomp with the beat.
The orc warrior hits you with a halberd.
* * * LOW HITPOINT WARNING * * *
Unknown command.
Unknown command.
You hit the orc warrior but do no damage.
The orc warrior is heavily wounded.
The orc warrior hits you but does no damage.
Okay, then.
Unknown command.
Unknown command.
You closely miss the orc warrior.
The orc warrior is heavily wounded.
You hit the orc warrior but do no damage.
The orc warrior is heavily wounded.
The orc warrior hits you with a halberd!!
You die...

### #### .. ### ##... ##..
#.# ##.... #.. #.# #.....
##.. ##.# #>.... ######..#
###.<## #.....
#......o###.....# ##....
......ooo@......# #####...
.......o###.....# #.).....
........# #.....# #<......
........# #..#.####.......
........###....###.g......
........##................
.......##........##..#####
...........###.#.....###
...................


You could see an orc warrior, 2 orc wizards and 2 orcs.

Vanquished Creatures
  Eustachio (D:4)
  A sky beast (D:6)
  5 ogres
  A centaur (D:5)
  A crimson imp (D:4)
  5 hounds
  An orc priest (D:5)
  An orc wizard (D:5)
  Crazy Yiuf (D:4)
  A bullfrog skeleton (D:5)
  Ijyb (D:5)
  3 worker ants
  2 hound skeletons
  8 adders
  A shadow imp (D:5)
  An adder skeleton (D:4)
  2 worms (D:2)
  3 leopard geckos
  10 orcs
  3 ball pythons
  3 bats
  3 giant cockroaches
  5 goblins
  8 hobgoblins
  13 jackals
  A quokka (D:4)
  A ball python skeleton (D:4)
  5 frilled lizards
  A jackal skeleton (D:4)
  5 kobolds
  A leopard gecko skeleton (D:6)
  A quokka skeleton (D:4)
  6 rats
105 creatures vanquished.

Notes
Turn   | Place    | Note
-------+----------+-------------------------------------------
     0 | D:1      | erloom the Human Wanderer began the quest for the Orb.
     0 | D:1      | erloom set off with: a +2 quarterstaff, a +0 ring mail, a potion of lignification, a ration
     0 | D:1      | Reached XP level 1. HP: 18/18 MP: 1/1
    61 | D:1      | Reached XP level 2. HP: 6/24 MP: 2/2
   671 | D:1      | Reached XP level 3. HP: 29/29 MP: 3/3
  1450 | D:2      | Found a deep blue altar of Sif Muna.
  1566 | D:2      | Found a hide-covered altar of Uskayaw.
  1584 | D:2      | Became a worshipper of Uskayaw the Reveler
  1605 | D:2      | Reached * piety under Uskayaw
  1659 | D:2      | Reached ** piety under Uskayaw
  1660 | D:2      | Reached XP level 4. HP: 36/37 MP: 4/4
  1710 | D:2      | Found an ornate altar of the Wu Jian Council.
  2027 | D:3      | Reached *** piety under Uskayaw
  2085 | D:3      | Noticed Kairos's ghost (amateur VSFi)
  2114 | D:3      | Found a hazy altar of Hepliaklqana.
  2420 | D:3      | Found a white marble altar of Elyvilon.
  2542 | D:4      | Noticed an ogre
  2553 | D:5      | Entered Level 5 of the Dungeon
  2555 | D:5      | Found a snail-covered altar of Cheibriados.
  2824 | D:4      | Noticed an ogre
  2919 | D:4      | Noticed Eustachio
  2944 | D:4      | Killed Eustachio
  2944 | D:4      | Reached skill level 5 in Fighting
  2944 | D:4      | Reached skill level 5 in Staves
  2944 | D:4      | Reached XP level 5. HP: 9/44 MP: 5/5
  2944 | D:4      | Reached XP level 6. HP: 11/51 MP: 6/6
  3254 | D:4      | Killed an ogre
  3257 | D:4      | Reached **** piety under Uskayaw
  3258 | D:4      | Killed an ogre
  3258 | D:4      | Reached XP level 7. HP: 50/57 MP: 3/7
  3859 | D:4      | Found a runed door.
  3988 | D:4      | Noticed Crazy Yiuf
  3991 | D:4      | Killed Crazy Yiuf
  4286 | D:5      | Found Siwkub's Magic Scroll Shop.
  4364 | D:5      | Bought 3 scrolls of identify for 90 gold pieces
  4364 | D:5      | Bought a scroll of identify for 30 gold pieces
  4364 | D:5      | Bought a scroll of identify for 30 gold pieces
  4617 | D:5      | Reached XP level 8. HP: 37/65 MP: 8/8
  4696 | D:5      | Noticed Ijyb
  4727 | D:5      | Killed Ijyb
  6014 | D:6      | Slain by an orc warrior

Vault maps used:
D:1:      minmay_arrival_stair_chambers, minmay_pentomino_p2
D:2:      lemuel_doored_altar, marbit_many_paths, first_ration, serial_forest,
          infiniplex_forest_zigzag_1, infiniplex_forest_clump_C,
          infiniplex_forest_clump_large, infiniplex_forest_lined_room_2,
          infiniplex_forest_clump_tiny, infiniplex_forest_lined_2,
          lemuel_blue_sif_altar
D:3:      lemuel_round_altar, old_standard_altar
D:4:      serial_bayou_pond_b, uniq_eustachio, uniq_crazy_yiuf_cottage
D:5:      basic_altar, serial_shops, kennysheep_mini, uniq_ijyb
D:6:      palyth_temple_overflow_mages, gammafunk_temple_overflow_elements,
          minmay_bent

Skill      XL: |  1  2  3  4  5  6  7  8 |
---------------+-------------------------+-----
Fighting       | 5 6 7 |  7.8
Staves         | 5 6 7 |  7.8
Bows           | |  2.0
Throwing       | |  2.0

Action                   |  1- 3 |  4- 6 |  7- 9 || total
-------------------------+-------+-------+-------++-------
Melee: Quarterstaff      |    95 |   109 |   234 ||   438
       Unarmed           |       |       |    11 ||    11
Invok: Stomp             |       |     2 |     4 ||     6
  Use: Scroll            |     3 |       |     8 ||    11
       Potion            |       |       |     1 ||     1
 Stab: Paralysed         |       |     2 |     2 ||     4
  Eat: Chunk             |     2 |     6 |     9 ||    17
Armor: Ring mail         |    22 |       |       ||    22
       Scale mail        |    14 |    57 |    32 ||   103
       Chain mail        |       |       |    61 ||    61
       Skin              |       |       |     2 ||     2
Dodge: Dodged            |    41 |    59 |    89 ||   189

Table legend:
 A = Spawn XP
 B = Non-spawn XP
 C = Spawn XP percentage of total XP
 D = Spawn monster count
 E = Non-spawn monster count
 F = Spawn count percentage of total count
 G = Total turns spent on level
                    A         B        C        D         E        F      G
               +---------+---------+-------+---------+---------+-------+---------
         Total |       0 |    1888 |   0.0 |       0 |     105 |   0.0 |  6014
               +---------+---------+-------+---------+---------+-------+---------
           D:1 |       0 |      30 |   0.0 |       0 |      19 |   0.0 |   960
           D:2 |       0 |      64 |   0.0 |       0 |      19 |   0.0 |  1003
           D:3 |       0 |      38 |   0.0 |       0 |      14 |   0.0 |   645
           D:4 |       0 |     778 |   0.0 |       0 |      26 |   0.0 |  1228
           D:5 |       0 |     488 |   0.0 |       0 |      15 |   0.0 |  1863
           D:6 |       0 |     490 |   0.0 |       0 |      12 |   0.0 |   315
               +---------+---------+-------+---------+---------+-------+---------
